[Event "17th Paracin Open 2024"]
[Site "Paracin"]
[Date "2024.07.06"]
[Round "5.1"]
[White "Xu, Junwei"]
[Black "Mardov, Dimitar"]
[Result "1/2-1/2"]
[ECO "D02"]
[WhiteElo "2138"]
[BlackElo "2484"]
[Annotator "TA"]
[PlyCount "79"]
[EventDate "2024.07.02"]
[EventType "swiss"]
[EventCountry "SRB"]
[SourceTitle "playchess.com"]
[Source "ChessBase"]
[SourceQuality "1"]
[TimeControl "5400+30"]

1. Nf3 d5 2. d4 Nf6 3. Bf4 c5 4. e3 Nc6 5. c3 Bg4 6. h3 Bxf3 7. Qxf3 Qb6 8. Qe2 a6 9. Qc2 e6 10. Nd2 Be7 11. Be2 O-O 12. O-O Rac8 13. Qb3 Qa7 14. a4 Na5 15. Qa2 b6 16. Rfe1 Rfd8 17. Qb1 h6 18. Bd3 Nc6 19. Qd1 Bd6 20. Bxd6 Rxd6 21. f4 Rdd8 22. Qe2 c4 23. Bb1 Qc7 24. Rf1 b5 25. e4 dxe4 26. Nxe4 Nxe4 27. Bxe4 {[%emt 0:00:15] With the idea axb5.} g6 28. axb5 (28. h4 $5) 28... axb5 29. Ra6 Ne7 30. Qf3 Rd6 31. Ra2 b4 32. Rfa1 bxc3 33. bxc3 Nd5 34. Ra5 Qd8 {[%emt 0:04:14] The position is equal.} 35. f5 gxf5 36. Bxd5 Rxd5 37. Rxd5 Qxd5 38. Qxd5 exd5 39. Rf1 Re8 40. Rxf5 {[%emt 0:00:40] Weighted Error Value: White=0.06 (flawless) /Black=0.06 (flawless) .  Inaccurate:     	White=3     	Black=1      OK:         	White=10    	Black=14} 1/2-1/2

[Event "17th Paracin Open 2024"]
[Site "Paracin"]
[Date "2024.07.06"]
[Round "5.2"]
[White "Fernandez, Daniel Howard"]
[Black "Fier, Alexandr"]
[Result "1/2-1/2"]
[ECO "D02"]
[WhiteElo "2526"]
[BlackElo "2602"]
[Annotator "TA"]
[PlyCount "117"]
[EventDate "2024.07.02"]
[EventType "swiss"]
[EventCountry "SRB"]
[SourceTitle "playchess.com"]
[Source "ChessBase"]
[SourceQuality "1"]
[TimeControl "5400+30"]

1. d4 Nf6 2. Nf3 d5 3. c3 c5 4. dxc5 e6 5. Be3 a5 6. g3 {[%emt 0:00:24] D02: 1 d4 d5 2 Nf3 sidelines, including 2...Nf6 3 g3 and 2...Nf6 3 Bf4.} Nbd7 $146 ({Predecessor:} 6... Na6 7. Bg2 Nxc5 8. O-O Be7 9. Nbd2 O-O 10. c4 b6 11. cxd5 Nxd5 12. Bd4 Bb7 {0-1 Kozak,A (2458)-Sarkar,J (2314) Titled Tuesday intern op 05th Apr Late blitz 2022 (1)}) 7. c4 dxc4 8. Nbd2 Ng4 9. c6 bxc6 10. Bd4 Ba6 11. e3 Bb4 12. a3 Bxd2+ 13. Nxd2 Nge5 14. f4 Nd3+ 15. Bxd3 cxd3 16. Bxg7 Rg8 17. Bc3 Qb6 18. Qf3 O-O-O 19. b4 a4 20. Bd4 Qc7 21. Rc1 Bb5 22. Ne4 Nb6 23. Bxb6 d2+ (23... Qxb6 $2 {is the wrong capture.} 24. Kd2 $18) 24. Nxd2 Qxb6 25. Nc4 Qa6 26. Qe4 $1 Rge8 (26... Rd5 $16) 27. O-O (27. Ne5 $1 $18 Rd5 28. Nxf7 (28. Qxh7 Red8 $15)) 27... f5 $14 28. Qc2 Bxc4 29. Qxc4 Qxc4 30. Rxc4 Rd3 31. b5 Rxa3 32. Rxc6+ Kb7 33. Rd1 Re7 34. Rd2 ({White should play} 34. Rdd6 $1 $16) 34... Rxe3 $11 35. Ra6 Rb3 (35... a3 $11) 36. Rxa4 $16 Rxb5 37. Kg2 e5 38. fxe5 Rbxe5 39. Kf3 Rb5 40. Rad4 Rb1 {[%emt 0:05:06] [#]} (40... Kc6 $16 {keeps fighting.} 41. Kg2 Rg7 42. Rd6+ Kc7) 41. Rd7+ $1 $18 Rxd7 42. Rxd7+ Kc6 43. Rxh7 Kd6 (43... Rf1+ $142 44. Kg2 Rc1) 44. Kf4 $18 Rf1+ 45. Kg5 Ke6 46. Rh6+ Ke7 47. Rg6 $2 (47. Rf6 $18 {is the precise move to win.}) 47... Rf2 $2 {[%emt 0:01:10][%mdl 8192] [#]} (47... Rh1 $16) 48. h4 $2 (48. Rg7+ $1 $18 Ke6 49. Rh7) 48... Rf3 $11 49. Kh6 Kf7 50. h5 Re3 51. Kh7 Re1 52. h6 Rh1 53. Ra6 Rh3 54. Ra7+ Kf6 55. Rg7 Rh1 56. g4 fxg4 57. Rxg4 Kf7 58. Rf4+ Ke7 59. Re4+ 1/2-1/2

[Event "17th Paracin Open 2024"]
[Site "Paracin"]
[Date "2024.07.06"]
[Round "5.4"]
[White "Safarli, Eltaj"]
[Black "Itgelt, Khuyagtsogt"]
[Result "1/2-1/2"]
[ECO "C77"]
[WhiteElo "2595"]
[BlackElo "2411"]
[Annotator "TA"]
[PlyCount "54"]
[EventDate "2024.07.02"]
[EventType "swiss"]
[EventCountry "SRB"]
[SourceTitle "playchess.com"]
[Source "ChessBase"]
[SourceQuality "1"]
[TimeControl "5400+30"]

1. e4 e5 2. Nf3 Nc6 3. Bb5 a6 4. Ba4 Nf6 5. Nc3 Bc5 6. d3 b5 7. Bb3 h6 8. Nd5 d6 9. c3 Rb8 10. O-O O-O 11. Be3 Nxd5 12. Bxd5 Bxe3 13. fxe3 Ne7 14. Bb3 Ng6 15. Qe1 Kh7 16. Qg3 f5 17. exf5 Bxf5 18. d4 Qe7 19. Rf2 Bd3 (19... Be4 {feels hotter.} 20. dxe5 Nxe5 21. Nxe5 Rxf2 22. Kxf2 dxe5 23. Rd1 a5) 20. dxe5 Nxe5 21. Nxe5 Qxe5 (21... dxe5 $15 22. Rxf8 Rxf8) 22. Qxe5 $11 {[%emt 0:04:08] The position is equal.} dxe5 23. Rxf8 Rxf8 $15 {[%emt 0:00:06] KRB-KRB} 24. a4 c5 {[%emt 0:01:25] [#] White must now prevent ...c4.} 25. axb5 axb5 {[%emt 0:00:06] aiming for ...c4.} 26. Bd5 e4 27. b4 cxb4 {[%emt 0:00:42] Weighted Error Value: White=0.10 (very precise) /Black=0.11 (very precise) .  Mistake:       	---       	Black=1      Inaccurate:     	White=3     	Black=1      OK:         	White=5     	Black=4} 1/2-1/2

[Event "17th Paracin Open 2024"]
[Site "Paracin"]
[Date "2024.07.06"]
[Round "5.5"]
[White "Antal, Gergely"]
[Black "Filip, Lucian-Ioan"]
[Result "1-0"]
[ECO "B40"]
[WhiteElo "2580"]
[BlackElo "2353"]
[Annotator "TA"]
[PlyCount "103"]
[EventDate "2024.07.02"]
[EventType "swiss"]
[EventCountry "SRB"]
[SourceTitle "playchess.com"]
[Source "ChessBase"]
[SourceQuality "1"]
[TimeControl "5400+30"]

1. e4 c5 2. Nf3 e6 3. b3 a6 4. Bb2 d5 5. exd5 exd5 6. Qe2+ {[%emt 0:00:05] B40: Sicilian: 2...e6, Unusual lines.} Be6 7. g3 Nc6 8. d3 $5 {[%emt 0:00:19][%mdl 4] A promising side line.} h6 $146 ({Predecessor:} 8... Nh6 9. Bh3 Qe7 10. Bxe6 Qxe6 11. Qxe6+ fxe6 12. Nc3 Nf5 13. O-O-O Be7 14. Rhe1 Kf7 {0-1 Antipov,M (2606)-Kramnik,V (2753) Titled Tuesday intern op 18th Jul Late blitz 2023 (10)}) 9. Bh3 Qe7 10. Bg2 Bg4 11. Qxe7+ Ngxe7 12. O-O O-O-O 13. Re1 d4 14. Ne5 Nxe5 15. Rxe5 Ng6 (15... Kc7 $11 {is more appropriate.}) 16. Re1 Bd6 17. h3 Be6 18. Nd2 Rhe8 19. a4 a5 20. Nc4 Bc7 21. Rad1 b6 22. Bc1 Ne7 23. Re2 Nd5 24. Bd2 Nf6 25. Rde1 Kd7 26. Ne5+ Bxe5 27. Rxe5 Kc8 28. g4 Rg8 {[%emt 0:03:47] [#]} (28... Bd7 $11) 29. Rxe6 $1 $16 fxe6 30. Rxe6 Nd5 31. Bxd5 Rxd5 32. Rxb6 Re8 33. Kf1 (33. Bxa5 $6 Re2 $11) 33... Rde5 34. Bf4 (34. Bxa5 $16 {And now Rb5 would win.} h5 35. Rb5 hxg4 36. hxg4) 34... Re1+ $11 35. Kg2 R1e2 (35... g5 $11 {keeps the balance.} 36. Bd6 R1e2 (36... R8e2 $2 37. Bxc5 Rxc2 38. Bxd4 $16)) 36. Rc6+ $16 Kb7 37. Rxc5 Rc8 {[%emt 0:00:05] [#]} ({Black should play} 37... g5 38. Bd6 Rc8) 38. Rb5+ $1 $16 (38. Rxa5 Rcxc2 39. Rb5+ Kc6 $16) 38... Ka6 $2 (38... Kc6 {is a better defense.} 39. Be5 (39. Rxa5 Rxc2 40. Be5 Rd8 $16) 39... g6 40. Bxd4 (40. Rxa5 Rd8 $18) 40... Rxc2 41. Rxa5 Rb8 42. Ra6+ Kd5) 39. Be5 $18 Rd8 40. Bxg7 Rxc2 41. Bxh6 Rc3 42. h4 Rxd3 43. h5 Rd1 44. Bg5 Rd7 45. h6 Ka7 46. Rxa5+ Kb7 47. Rc5 d3 48. Rc1 Rxc1 49. Bxc1 d2 50. Bxd2 $1 Rxd2 51. h7 Rd8 52. g5 1-0

[Event "17th Paracin Open 2024"]
[Site "Paracin"]
[Date "2024.07.06"]
[Round "5.6"]
[White "Harsh Suresh"]
[Black "Narayanan, Srinath"]
[Result "1/2-1/2"]
[ECO "B62"]
[WhiteElo "2426"]
[BlackElo "2533"]
[Annotator "TA"]
[PlyCount "40"]
[EventDate "2024.07.02"]
[EventType "swiss"]
[EventCountry "SRB"]
[SourceTitle "playchess.com"]
[Source "ChessBase"]
[SourceQuality "1"]
[TimeControl "5400+30"]

1. e4 c5 2. Nf3 d6 3. d4 cxd4 4. Nxd4 Nf6 5. Nc3 Nc6 6. Bg5 e6 7. Qd3 Bd7 8. O-O-O a6 9. f4 h6 10. Bh4 g5 11. fxg5 Ng4 {[%emt 0:00:14] White is slightly better.} 12. Nf3 {[%emt 0:03:28][%cal Og5g6] [#] Black must now prevent g6!} Nge5 13. Qd2 {[%emt 0:06:03][%cal Og5g6] g6! is the strong threat.} Be7 14. Be2 Nxf3 15. gxf3 hxg5 16. Bg3 Ne5 17. Kb1 Qc7 18. f4 gxf4 19. Bxf4 b5 {[%emt 0:01:20] [#] ...b4 would now be deadly.} 20. Bd3 b4 {[%emt 0:03:51] Weighted Error Value: White=0.15 (very precise) /Black=0.08 (flawless) .  Inaccurate:     	White=3     	Black=1      OK:         	White=3     	Black=5      Best:        	---       	Black=1} 1/2-1/2

[Event "17th Paracin Open 2024"]
[Site "Paracin"]
[Date "2024.07.06"]
[Round "5.7"]
[White "Tippa, Aswath Srisai"]
[Black "Bryakin, Mikhail"]
[Result "1/2-1/2"]
[ECO "B19"]
[WhiteElo "1647"]
[BlackElo "2469"]
[Annotator "TA"]
[PlyCount "149"]
[EventDate "2024.07.02"]
[EventType "swiss"]
[EventCountry "SRB"]
[SourceTitle "playchess.com"]
[Source "ChessBase"]
[SourceQuality "1"]
[TimeControl "5400+30"]

1. e4 c6 2. d4 d5 3. Nc3 dxe4 4. Nxe4 Bf5 5. Ng3 Bg6 6. h4 h6 7. Nf3 Nd7 8. Bd3 Bxd3 9. Qxd3 e6 10. Bf4 $1 {[%emt 0:00:07] 10.Bf4 scores better than 10.Bd2.} Qa5+ {[%emt 0:00:23] B19: Classical Caro-Kann: 4...Bf5 main line.} 11. Bd2 Bb4 12. Ne4 Ngf6 13. Nd6+ Ke7 14. Nxb7 Bxd2+ $1 15. Nxd2 Qb4 16. Qb3 $1 Qxd4 17. O-O-O $1 Rhb8 18. Qa3+ $1 c5 $1 19. Na5 Rc8 20. Ndc4 Qf4+ 21. Rd2 $146 ({Predecessor:} 21. Kb1 Nb6 22. Nd6 Rc7 23. Nb5 Rcc8 24. Nd4 Nfd5 25. Nac6+ Kf6 26. Qxc5 Na4 27. Qa3 Rab8 28. Nxb8 Rxb8 29. Nb3 Nac3+ 30. bxc3 Nxc3+ 31. Ka1 {1-0 Kutowski,M (1914)-Rzenca,J (1586) POL-ch U16 Sypniewo 2022 (5)}) 21... Nb6 22. Nd6 Ne4 $1 23. Nxe4 Qxe4 24. Rdd1 Nd5 25. f3 (25. g3 $11) 25... Qb4 (25... Qf4+ $15 26. Rd2 Kf8) 26. Qxb4 $1 $11 cxb4 27. Rhe1 Kf6 28. Rd4 g5 29. Nc4 a5 30. a4 Rc5 31. Nd2 Rc6 32. hxg5+ hxg5 33. Rc4 Rxc4 34. Nxc4 Rc8 35. b3 Rc5 36. Nd6 Rc6 37. Nc4 Ra6 38. g3 Nb6 39. Re4 Nd5 40. Re1 Ra8 41. Kd2 Nc3 (41... Ke7 $11) 42. Ke3 $1 $16 e5 ({Better is} 42... Ke7) 43. Kf2 $16 Rh8 (43... Rc8 $16) 44. Kg2 (44. Nxe5 Rh2+ 45. Kf1 Rh1+ (45... Rxc2 46. Nc4 $14) 46. Kf2 Rh2+ (46... Rxe1 $2 47. Ng4+ Ke6 48. Kxe1 $18) 47. Kf1 Rxc2 $15 (47... Rh1+ 48. Kf2 $11)) (44. Rxe5 $18 Rh2+ 45. Ke3) 44... Rc8 $16 45. Nxe5 (45. Rxe5 $2 Rxc4 46. f4 gxf4 47. Rxa5 Rc6 48. gxf4 Nb1 $19) 45... Rc7 46. Ng4+ Kg6 47. Kh3 Na2 (47... f5 $16 {keeps fighting.}) 48. Ne5+ $18 Kf6 49. Nc4 Rc5 50. Re8 ({White should try} 50. Kg4 $18) 50... Nc3 $16 51. Ra8 Nxa4 52. Ra6+ $1 (52. bxa4 $6 Rxc4 53. Rxa5 g4+ 54. fxg4 Rxc2 $11) 52... Kg7 53. Rxa5 (53. bxa4 Rxc4 54. f4 (54. Rxa5 g4+ 55. fxg4 Rxc2 $11) 54... gxf4 (54... Rxc2 55. Rxa5 gxf4 56. Rg5+ Kh6 57. gxf4 $11) 55. gxf4 Rxc2 $11 (55... Rxf4 56. Rxa5 Rc4 57. Rb5 $11)) 53... Rxa5 54. Nxa5 Nc3 {[%emt 0:00:08] [#]} 55. Kg2 $1 Kf6 56. Kf2 (56. Nc6 $142 Nd5 57. Kf2) 56... Ke6 57. Ke3 Kd5 58. Nc4 Nb5 (58... f5 $16 59. Nb6+ Ke5) 59. Kd3 $18 f5 (59... f6 $16 60. Ne3+ Kc5) 60. Nb6+ (60. Ne3+ $18 {is more deadly.} Ke5 61. Nc4+ Kd5 62. Ne3+ Ke5 63. Nc4+ Kd5) 60... Kc6 {[%emt 0:00:14] [#]} (60... Kd6 $142 61. Nc4+ Kc5) 61. Na4 $1 $16 g4 $2 (61... Kd6 $16 {is more resistant.}) 62. fxg4 $18 fxg4 63. Ke3 $2 (63. Nb2 $18) 63... Na3 $14 64. c3 Kb5 65. Kd3 bxc3 66. Kxc3 Ka5 67. Nc5 Nb5+ 68. Kc4 Nd6+ 69. Kc3 Kb5 70. b4 Nf5 71. Ne4 Kb6 72. Kc4 Ne3+ 73. Kd4 Nf5+ 74. Kc3 Kb5 75. Nf2 1/2-1/2

[Event "17th Paracin Open 2024"]
[Site "Paracin"]
[Date "2024.07.06"]
[Round "5.8"]
[White "Tanriverdi, Enes"]
[Black "Atalik, Suat"]
[Result "1/2-1/2"]
[ECO "D37"]
[WhiteElo "2371"]
[BlackElo "2450"]
[Annotator "TA"]
[PlyCount "102"]
[EventDate "2024.07.02"]
[EventType "swiss"]
[EventCountry "SRB"]
[SourceTitle "playchess.com"]
[Source "ChessBase"]
[SourceQuality "1"]
[TimeControl "5400+30"]

1. d4 d5 2. c4 e6 3. Nc3 a6 4. cxd5 exd5 5. Nf3 Nf6 6. Bg5 Be6 7. e3 Bd6 8. Bd3 {[%emt 0:00:15] White has an edge.} Nbd7 9. Qc2 Qb8 10. O-O c6 11. Rfe1 O-O 12. e4 dxe4 13. Nxe4 Nxe4 14. Bxe4 h6 15. Bh4 Re8 16. Bh7+ Kh8 17. Bf5 Nf8 $1 18. Bxe6 Rxe6 19. Qf5 Qe8 20. d5 cxd5 21. Qxd5 Qb5 22. Rad1 {[%emt 0:04:56] [#] Rxe6 is the strong threat.} (22. Red1 {simplifies} Qxd5 23. Rxd5 Bc7 24. Kf1) 22... Rxe1+ 23. Nxe1 {[%emt 0:00:17] Strongly threatening Qxb5.} Qxd5 24. Rxd5 Re8 25. Nd3 Bc7 26. Bg3 Bb6 27. Kf1 Rc8 28. Ke2 f6 29. Kd2 Kg8 30. b4 Kf7 31. a4 Rc4 32. a5 Rd4 $1 33. Rd6 Ba7 34. Kc3 Rxd6 35. Bxd6 $11 {[%emt 0:00:04][%mdl 4096] Endgame. KBN-KBN} Nd7 36. Kc4 Ke6 37. Bc7 g5 {[%emt 0:03:53] Prevents Nf4+.} 38. f3 f5 39. Bd8 Kd6 40. h3 Be3 41. g4 fxg4 42. hxg4 Nf8 43. Bf6 Ng6 44. Bg7 Nh4 45. Bf8+ Ke6 46. Nc5+ (46. Bxh6 Nxf3 47. Nc5+ Kf7 $11) 46... Bxc5 47. Kxc5 {[%emt 0:00:06] [#] Threatens to win with Kb6.} Kd7 $1 48. Kb6 ({Much weaker is} 48. Bxh6 Nxf3 49. b5 axb5 $11) ({White should try} 48. Kd5 $14 Nxf3 49. Ke4 (49. Bxh6 Nh2 $11)) 48... Kc8 $1 {[%emt 0:00:07] The position is equal.} 49. Bxh6 Nxf3 50. b5 axb5 51. Kxb5 Nh2 {[%emt 0:00:17] Weighted Error Value: White=0.05 (flawless) /Black=0.03 (flawless) .  Mistake:       	White=1     	---        OK:         	White=15    	Black=20     Best:        	---       	Black=2      Strong:       	---       	Black=4} 1/2-1/2

[Event "17th Paracin Open 2024"]
[Site "Paracin"]
[Date "2024.07.06"]
[Round "5.9"]
[White "Damljanovic, Branko"]
[Black "Akbas, Umut Ata"]
[Result "0-1"]
[ECO "B50"]
[WhiteElo "2364"]
[BlackElo "2437"]
[Annotator "TA"]
[PlyCount "74"]
[EventDate "2024.07.02"]
[EventType "swiss"]
[EventCountry "SRB"]
[SourceTitle "playchess.com"]
[Source "ChessBase"]
[SourceQuality "1"]
[TimeControl "5400+30"]

1. e4 c5 2. Nf3 d6 3. Bc4 Nf6 4. d3 Nc6 5. c3 a6 6. Bb3 g6 7. O-O Bg7 8. Re1 {[%emt 0:00:12] The position is equal.} O-O 9. h3 e5 10. Bg5 h6 11. Bxf6 Bxf6 12. Nbd2 Bg7 13. a3 Kh8 14. Bd5 Ne7 15. Ba2 a5 16. a4 Nc6 17. Nb1 f5 18. Na3 g5 19. Nh2 g4 20. exf5 (20. hxg4 $14 f4 21. Qf3) 20... gxh3 $11 21. g4 {[%emt 0:00:02] Re3 would now be deadly.} Qg5 22. Nb5 Bxf5 {[%emt 0:04:14][%cal Oe5e4] White must now prevent ...e4!} (22... Rxf5 23. Nxd6 Rf8 24. Nf7+ Rxf7 25. Bxf7 $16) 23. Re3 (23. Nxd6 $11 Bg6 24. Ne4) 23... Rf6 $17 24. Rxh3 Raf8 25. Qe2 Bd7 {[%emt 0:04:25] ...Rxf2 is the strong threat.} 26. Rf1 Ne7 {[%emt 0:04:50] Prevents Bd5. And now ...Ng6 would win.} 27. Qe3 {[%emt 0:09:30] [#]} Bxg4 $1 28. Qxg5 Bxh3 29. Qg3 Rg6 {[%emt 0:00:30][%cal Of8f6] Hoping for ...Rff6! Really sharp!} (29... Bxf1 $2 30. Kxf1 Rxf2+ 31. Qxf2 Rxf2+ 32. Kxf2 $18) 30. Nxd6 Rff6 $19 (30... Rxg3+ 31. fxg3 Bxf1 32. Nxf1) 31. Nf7+ (31. Ne4 Nf5 (31... Rxg3+ 32. fxg3 Bxf1 33. Nxf6 $11) 32. Nxf6 Nxg3 (32... Rxg3+ 33. fxg3 Bxf1 34. Kxf1 $11) 33. fxg3 Bxf1 (33... Rxf6 34. Rxf6 Bxf6 35. Bd5 $11) (33... Bxf6 34. Rf3 $11) 34. Nxf1 Bxf6 (34... Rxf6 $2 35. Nd2 $19) 35. Bf7) 31... Kh7 32. Re1 {[%emt 0:00:03][%cal Of7e5] [#]} (32. Ng4 Rxg4 $19 (32... Bxg4 33. Nxe5 Bf5 34. Nxg6 $19) (32... Bxg4 33. Nxe5 Bf5 34. Nxg6 $19)) 32... Nf5 $1 (32... Rxg3+ 33. fxg3 Rg6 34. Nf1 $11) 33. Nf1 Nxg3 {[%emt 0:01:27] Black is clearly winning.} ({Not} 33... Rxg3+ 34. Nxg3 Nxg3 35. fxg3 $11) ({And not} 33... Bxf1 34. Qxg6+ Rxg6+ 35. Kxf1 $16) 34. Nxg3 Be6 35. Bxe6 (35. Nxe5 $142 Rxg3+ (35... Bxa2 $2 36. Nxg6 Kxg6 37. Ne4 $19) 36. fxg3 Bxa2 37. Re4) 35... Rxe6 36. Nd8 Re7 37. Kf1 Rd7 {[%emt 0:00:06][%csl LRd3,LRd8] Weighted Error Value: White=0.35/Black=0.06 (flawless) .  Mistake:       	White=5     	Black=1      Inaccurate:     	White=2     	Black=2      OK:         	White=8     	Black=11     Best:        	---       	Black=5      Strong:       	---       	Black=1} 0-1

[Event "17th Paracin Open 2024"]
[Site "Paracin"]
[Date "2024.07.06"]
[Round "5.10"]
[White "Radovanovic, Nikola"]
[Black "Pranav K P"]
[Result "1-0"]
[ECO "C49"]
[WhiteElo "2441"]
[BlackElo "2223"]
[Annotator "TA"]
[PlyCount "77"]
[EventDate "2024.07.02"]
[EventType "swiss"]
[EventCountry "SRB"]
[SourceTitle "playchess.com"]
[Source "ChessBase"]
[SourceQuality "1"]
[TimeControl "5400+30"]

1. e4 e5 2. Nf3 Nc6 3. Bc4 Bc5 4. c3 Nf6 5. d3 d6 6. O-O h6 7. Re1 O-O 8. h3 Bb6 9. Bb3 Re8 10. Bc2 Ne7 11. Nbd2 c6 12. Nf1 Ng6 13. d4 Be6 14. Ng3 Bc7 15. Be3 Qe7 16. Qd2 Qf8 17. Rad1 {[%emt 0:02:37] White is slightly better.} Rad8 18. Qc1 exd4 19. cxd4 Ba5 20. Bd2 Bb6 (20... Bxd2 $142 21. Qxd2 (21. Nxd2 c5 $16) (21. Rxd2 Nf4 $16) 21... c5) 21. a3 $16 c5 22. d5 Bd7 23. Bc3 Ne5 24. Nh4 Bb5 $2 {[%emt 0:01:45] [#]} (24... Rc8 $16 25. Qf4 Bd8) 25. a4 $18 Ba6 26. a5 Bc7 27. f4 Ng6 28. Nhf5 Ne7 {[%emt 0:02:49] [#]} 29. Nxh6+ $1 gxh6 (29... Kh8 30. Ng4) 30. Bxf6 Bxa5 31. Re3 c4 32. Kh1 Bb6 33. Rc3 Ng6 34. Nh5 Bf2 35. Qd2 Bc5 36. Rg3 Kh7 37. f5 Rd7 38. Bg7 (38. fxg6+ $142 fxg6 39. e5 Be3 40. Rxg6 (40. Qxe3 Qg8 41. Bxg6+ Qxg6 42. Rxg6 Kxg6 43. Qe4+ Kf7 44. Qh7+ Kf8 45. Qh8+ Kf7 46. Qg7#) (40. Bxg6+ Kg8 41. Bxe8+ Bg5 42. Rxg5+ hxg5 43. Qxg5+ Rg7 44. Nxg7 Kh7 45. Nf5 Qxf6 46. Qxf6 dxe5 47. Qg7#) 40... Qxf6 41. Nxf6+ Kh8 42. Qxe3 (42. Rxh6+ Kg7 43. Rh7+ Kf8 44. Nxd7+ Kg8 45. Qxe3 Rxe5 46. Qg3+ Rg5 47. Qxg5#) 42... Rh7 43. Qg3 (43. Nxe8 h5 44. exd6 h4 45. Qe5+ Rg7 46. Qxg7#) 43... dxe5 44. Rg8+ Rxg8 45. Qxg8#) 38... Qe7 39. Qxh6+ {[%emt 0:00:16] White took control after the opening.   Weighted Error Value: White=0.03 (flawless) /Black=1.00.  Loses game:     	---       	Black=1      Mistake:       	---       	Black=1      Inaccurate:     	---       	Black=3      OK:         	White=10    	Black=5} 1-0

[Event "17th Paracin Open 2024"]
[Site "Paracin"]
[Date "2024.07.06"]
[Round "5.11"]
[White "Wang, Yanbin"]
[Black "Merkulova, Victoria"]
[Result "1-0"]
[ECO "A58"]
[WhiteElo "2423"]
[BlackElo "1978"]
[Annotator "TA"]
[PlyCount "109"]
[EventDate "2024.07.02"]
[EventType "swiss"]
[EventCountry "SRB"]
[SourceTitle "playchess.com"]
[Source "ChessBase"]
[SourceQuality "1"]
[TimeControl "5400+30"]

1. d4 Nf6 2. c4 c5 3. d5 b5 4. cxb5 a6 5. bxa6 g6 6. Nc3 Bg7 7. e4 {[%emt 0:00:26] Strongly threatening e5.} O-O 8. Nf3 {[%emt 0:00:24] White is slightly better.} Qa5 9. Bd2 Bxa6 10. Bxa6 Qxa6 11. Qe2 d6 12. Bg5 Nbd7 13. Qxa6 Rxa6 14. Ke2 Rb8 {[%emt 0:00:42][%mdl 1024] Black has compensation.} 15. Rhb1 Rab6 16. b3 Ne8 17. Rc1 Nc7 18. Rab1 Ra6 19. a4 (19. Bxe7 Re8 20. Bg5 Bxc3 21. Rxc3 Rxe4+ (21... Rxa2+ 22. Kf1 $17) 22. Kf1 Rxa2 $17) 19... Bxc3 20. Rxc3 f6 21. Be3 ({White should play} 21. Bd2 $11) 21... Rxa4 ({Better is} 21... f5 $1 $15 22. Rc4 Nb6 (22... fxe4 23. Rxe4 Nxd5 24. Bd2 $15)) 22. bxa4 $11 Rxb1 23. Nd2 Rb7 (23... Ra1 $15 24. Rb3 Na8 (24... Rxa4 $2 25. Rb7 $18)) 24. Ra3 $36 {[%emt 0:02:14][%mdl 2048] Black is under pressure.} Kf7 25. Nc4 Nb8 26. Bd2 Ke8 27. g4 Kf7 28. Ba5 Nca6 29. Rh3 {[%emt 0:04:19][%cal Oc4d6] [#] Nxd6+! would now be deadly.} Kg8 30. Bb6 Nd7 31. a5 Rb8 32. Kd2 Nf8 33. Rf3 {[%emt 0:04:49][%cal Oc4d6] White has more active pieces.} g5 (33... Nd7 $14) 34. Kc3 Nd7 35. Kb3 Rb7 {[%emt 0:00:48] A mistake that costs the game.} (35... Nb4 $16 {was called for.} 36. Rg3 Ra8) 36. Ka4 $18 Ndb8 (36... Kg7 {was worth a try.} 37. Rh3 (37. Kb5 Ndb8 $18) 37... Kh8) 37. Ne3 Nd7 38. Kb5 Ndb8 39. Nf5 Nc7+ 40. Ka4 (40. Kc4 Nd7 $18) 40... Nca6 41. h4 (41. Kb5 Nc7+ 42. Kc4 Nd7 $18) 41... gxh4 42. Nxh4 Nd7 43. Nf5 Ndb8 $2 {[%emt 0:02:45] [#]} (43... Nxb6+ 44. axb6 Rxb6) 44. Rb3 {[%emt 0:01:25] White is clearly winning.} Rd7 45. f4 Kf7 46. Rh3 Kg8 47. g5 ({Less strong is} 47. Nh6+ Kf8 48. Kb5 Kg7 $18) 47... fxg5 48. Rg3 Kf7 49. Rxg5 ({Weaker is} 49. fxg5 e6 $18) (49. Kb5 gxf4 50. Rg4 (50. Rg7+ Kf6 $17) 50... f3 $11) 49... Kf6 50. Rh5 Kg6 51. Rh6+ Kf7 52. Rxh7+ Kg6 53. Rxe7 Rxe7 54. Nxe7+ Kf7 55. Nc8 {[%emt 0:00:09] Weighted Error Value: White=0.13 (very precise) /Black=0.27 (precise) .  Mistake:       	White=1     	Black=6      Inaccurate:     	White=4     	Black=5      OK:         	White=17    	Black=18     Best:        	White=2     	Black=1} 1-0

[Event "17th Paracin Open 2024"]
[Site "Paracin"]
[Date "2024.07.06"]
[Round "5.12"]
[White "Palczert, Matyas"]
[Black "Agibileg, Uurtsaikh"]
[Result "0-1"]
[ECO "C55"]
[WhiteElo "2346"]
[BlackElo "2441"]
[Annotator "RC"]
[PlyCount "106"]
[EventDate "2024.07.02"]
[EventType "swiss"]
[EventCountry "SRB"]
[SourceTitle "playchess.com"]
[Source "ChessBase"]
[SourceQuality "1"]
[TimeControl "5400+30"]

1. e4 e5 2. Nf3 Nc6 3. Bc4 Nf6 4. d3 h6 5. O-O d6 6. a4 g6 7. Nc3 Bg7 8. h3 Be6 9. Bxe6 fxe6 10. d4 Qe7 11. dxe5 dxe5 12. Qd3 O-O 13. Be3 Nh5 14. Nh2 a6 15. Qc4 Rf7 16. Ne2 Nf4 17. Rfe1 Rd8 18. Qb3 Qb4 19. Qxb4 Nxb4 20. Bxf4 exf4 21. c3 Nd3 22. Red1 Rfd7 23. Rab1 g5 24. f3 Nc5 25. Rxd7 Rxd7 26. b3 Rd2 27. Kf1 Nd3 28. Ng4 Kf7 29. c4 Nb4 30. h4 c5 31. h5 Nc2 32. Rc1 Bb2 33. Rb1 Na3 34. Re1 Kg7 35. g3 e5 36. gxf4 gxf4 37. Nf2 Nc2 38. Rb1 Bd4 39. Ng4 Rd3 40. Nxd4 exd4 41. Ke2 Nb4 42. Ne5 Re3+ 43. Kd2 Kf6 44. Ng4+ Kg5 45. Nxe3 fxe3+ 46. Ke2 Kf4 47. Rg1 d3+ 48. Kd1 Nc2 49. Rh1 Kxf3 50. e5 Kg2 51. Re1 Nxe1 52. Kxe1 d2+ 53. Ke2 d1=Q+ 0-1